 Dungeon Crawl Stone Soup version 0.18-a0-1577-gf591c28 (console) character file.

122 Liam the Magician (level 4, -3/27 HPs)
             Began as a High Elf Wizard on Mar 23, 2016.
             Slain by a worker ant (8 damage)
             ... on level 4 of the Dungeon.
             The game lasted 00:04:31 (2516 turns).

Liam the Magician (High Elf Wizard)                 Turns: 2516, Time: 00:04:31

Health: -3/27      AC:  2    Str:  6    XL:     4   Next: 78%
Magic:  12/12      EV: 12    Int: 22    God:
Gold:   164        SH:  0    Dex: 14    Spells: 5 memorised, 2 levels left

rFire  . . .     SeeInvis .     (no weapon)
rCold  . . .     Gourm    .     a - +0 robe
rNeg   . . .     Faith    .     (no shield)
rPois  .         Spirit   .     b - +0 hat
rElec  .         Dismiss  .     (no cloak)
rCorr  .         Reflect  .     (no gloves)
SustAt .         Harm     .     (no boots)
MR     .....                    (no amulet)
Stlth  +.........               (no ring)
                                (no ring)

@: confused, lethally poisoned (-3 -> -10), very slightly contaminated, drained,
not resistant to hostile enchantments, very unstealthy
A: no striking features
a: no special abilities


You were on level 4 of the Dungeon.
You were hungry.

You visited 1 branch of the dungeon, and saw 4 of its levels.

You collected 164 gold pieces.

Inventory:

Armour
 a - a +0 robe (worn)
 b - a +0 hat (worn)
Jewellery
 i - an uncursed amulet of rage
 m - an uncursed amulet of harm
Books
 c - a book of Minor Magic

   Spells                             Type                      Level
   a - Magic Dart                     Conjuration                  1
   b - Blink                          Translocation                2
   c - Call Imp                       Summoning                    2
   d - Repel Missiles                 Charms/Air                   2
   e - Slow                           Hexes                        2
   f - Conjure Flame                  Conjuration/Fire             3
   g - Mephitic Cloud                 Conjuration/Poison/Air       3
Comestibles
 d - 2 bread rations
 h - a meat ration
 n - 5 beef jerkies


   Skills:
 - Level 2.1(1.3) Dodging
 - Level 2.1(1.3) Stealth
 + Level 5.0(4.1) Spellcasting
 + Level 3.8(3.0) Conjurations
   Level 0.8(0.0) Summonings
 - Level 1.1(0.3) Translocations


You had 2 spell levels left.
You knew the following spells:

 Your Spells              Type           Power        Failure   Level  Hunger
a - Magic Dart            Conj           ###.         3%          1    None
b - Blink                 Tloc           N/A          17%         2    #......
d - Mephitic Cloud        Conj/Pois/Air  #.......     21%         3    ##.....
e - Conjure Flame         Conj/Fire      ##......     17%         3    ##.....
m - Repel Missiles        Chrm/Air       #.....       17%         2    #......


Dungeon Overview and Level Annotations

Branches:
Dungeon (4/15)
 Temple: D:4-7

Altars:
Dithmenos
Kikubaaqudgha
Qazlal

Shops:
D:4 [

Annotations:
D:3 Galewind's ghost, amateur SpEn


Message History

You don't have enough magic to cast that spell.
* * * LOW HITPOINT WARNING * * *
You feel sick.
You open the door.
* * * LOW HITPOINT WARNING * * *
You feel sick.
Found a stormy altar of Qazlal.
There is an open door here.
Drink which item? (? for menu, Esc to quit)
It was a potion of ambrosia.
You are confused.
You feel invigorated.
* * * LOW HITPOINT WARNING * * *
You feel sick.
You nearly stumble into some lava!
* * * LOW HITPOINT WARNING * * *
You feel sick. The worker ant bites you.
* * * LOW HITPOINT WARNING * * *
The worker ant bites you!
You die...

##...## ##.....## #.......#
#.......# #.......# ##.....##
##.§≈.≈≈# #..≈#+#≈.#
.###########..a@_+ ..#
..............≈#+#§#.#
####..####.##.≈§.§≈# # .
##....#.##....###.#
#.#######......#### #.#######
#.......##.......####........
......#...............(......
..# #.........##....#....?...
... #.∩.#.....#####..........


You could see a worker ant.

Vanquished Creatures
  A hound skeleton (D:4)
  2 adders
  A gnoll (D:1)
  An ooze (D:2)
  An adder skeleton (D:4)
  2 worms
  3 dart slugs
  4 giant geckos
  3 orcs (D:3)
  7 bats
  3 giant cockroaches
  8 goblins
  4 hobgoblins
  A quokka (D:2)
  A ball python (D:1)
  2 giant newts
  6 kobolds
  5 rats
55 creatures vanquished.

Notes
Turn   | Place    | Note
--------------------------------------------------------------
     0 | D:1      | Liam the High Elf Wizard began the quest for the Orb.
     0 | D:1      | Reached XP level 1. HP: 11/11 MP: 6/6
   130 | D:1      | Reached XP level 2. HP: 17/17 MP: 0/7
   201 | D:1      | Reached skill level 4 in Spellcasting
   529 | D:1      | Reached XP level 3. HP: 21/21 MP: 6/9
   558 | D:1      | Learned a level 2 spell: Blink
  1295 | D:2      | Reached XP level 4. HP: 27/27 MP: 7/11
  1361 | D:2      | Learned a level 2 spell: Repel Missiles
  1365 | D:2      | Learned a level 3 spell: Conjure Flame
  1369 | D:2      | Learned a level 3 spell: Mephitic Cloud
  1636 | D:3      | Noticed Galewind's ghost (amateur SpEn)
  2327 | D:3      | Found an ancient bone altar of Kikubaaqudgha.
  2329 | D:3      | Found a shadowy altar of Dithmenos.
  2442 | D:4      | Found Fafig's Armour Boutique.
  2503 | D:4      | Reached skill level 5 in Spellcasting
  2513 | D:4      | Found a stormy altar of Qazlal.
  2516 | D:4      | Slain by a worker ant

Vault maps used:
D:1:      tarquinn_simple_flora_water_e, bh_walls_and_bars
D:3:      yredelemnul_forgotten_temple_becter, gammafunk_temple_overflow_pools,
          serial_bayou_pond_d, minivault_19
D:4:      kennysheep_mini_moat, lemuel_coloured_pillars_altar, serial_shops,
          nicolae_shop_stone

Skill      XL: |  1  2  3  4 |
---------------+-------------+-----
Spellcasting   | 4 5 |  5.0
Conjurations   | 2 3 |  3.8
Dodging        | |  2.1
Stealth        | |  2.1
Summonings     | |  0.8
Translocations | |  1.1

Action                   |  1- 3 |  4- 6 || total
-------------------------+-------+-------++-------
 Cast: Magic Dart        |    76 |    69 ||   145
       Conjure Flame     |       |     1 ||     1
       Blink             |       |     1 ||     1
  Use: Scroll            |       |     4 ||     4
       Potion            |       |     3 ||     3
  Eat: Chunk             |     1 |     3 ||     4
